Construct Infanterie Kompanie
Selects Italian Coastal Battlegroup
Construct Panzergrenadier Kompanie
Pak 40 Anti-tank Gun Team
Infanterie Officer Quarters
Nebelwerfer 42 Rocket Launcher Team
Nebelwerfer 42 Rocket Launcher Team
Construct Panzer Kompanie
Pak 40 Anti-tank Gun Team
Selects Designated Artillery Overwatch
Selects Artillery Officer
Designated Artillery Overwatch
Panzergrenadier Officer Quarters